 Dungeon Crawl Stone Soup version 0.21-a0-536-gdbbf329 (webtiles) character file.

3940 Amnesiac the Thaumaturge (level 10, -21/74 HPs)
             Began as a Gnoll Wizard on Dec 14, 2017.
             Was a Priest of Ashenzari.
             Demolished by an ogre
             ... wielding a +0 giant club
              (29 damage)
             ... on level 8 of the Dungeon.
             The game lasted 00:22:01 (8686 turns).

Amnesiac the Thaumaturge (Gnoll Wizard)             Turns: 8686, Time: 00:22:02

Health: -21/74     AC:  5    Str: 11    XL:     10   Next: 21%
Magic:  16/22      EV: 14    Int: 24    God:    Ashenzari [***...]
Gold:   512        SH: 10    Dex: 14    Spells: 12/26 levels left

rFire    + . .     SeeInvis +   h - +1 dagger (elec) (curse)
rCold    + + .     Gourm    .   D - +0 shield {reflect} (curse)
rNeg     . . .     Faith    +   E - +0 robe {Archmagi} (curse)
rPois    +         Spirit   .   b - +0 hat
rElec    .         Reflect  +   K - +1 cloak
rCorr    .         Harm     .   H - +0 pair of gloves (curse)
MR       .....     Clarity  +   (no boots)
Stlth    +++.......             a - amulet of faith (curse)
HPRegen  0.22/turn              o - +3 ring of dexterity
MPRegen  0.18/turn              e - ring "Mexuvo" {rF+ rC++ Dex-3} (curse)

@: no status effects
A: distributed training, fangs 1, clarity, poison resistance, screaming 1,
strong 1, strong nose
a: Curse Item, Scrying, Renounce Religion


You were on level 8 of the Dungeon.
You worshipped Ashenzari.
Ashenzari was most pleased with you.
You were not hungry.

You visited 1 branch of the dungeon, and saw 8 of its levels.
You also visited: Ossuary.

You collected 512 gold pieces.

Inventory:

Hand Weapons
 h - a cursed +1 dagger of electrocution (weapon)
 B - the cursed +3 dagger of Tenacity {pierce, rPois Str+8}
   (You found it on level 7 of the Dungeon)

   It inflicts extra damage upon your enemies.
   It affects your strength (+8).
   It protects you from poison.
   It has a curse placed upon it.
Missiles
 f - 41 poisoned needles
Armour
 b - a +0 hat (worn)
 u - +0 ice dragon scales
 D - a cursed +0 shield of reflection (worn)
 E - a cursed +0 robe of the Archmagi (worn)
 H - a cursed +0 pair of gloves (worn)
 K - a +1 cloak (worn)
Jewellery
 a - a cursed amulet of faith (around neck)
 e - the cursed ring "Mexuvo" (right hand) {rF+ rC++ Dex-3}
   (You acquired it on level 7 of the Dungeon)

   [ring of protection from fire]

   It affects your dexterity (-3).
   It protects you from fire.
   It greatly protects you from cold.
   It has a curse placed upon it.
 o - a +3 ring of dexterity (left hand)
Wands
 l - a wand of polymorph (11)
 q - a wand of digging (16)
 N - a wand of flame (16)
 O - a wand of acid (6)
Scrolls
 g - 3 scrolls of blinking {!r}
 i - 4 scrolls of magic mapping {!r}
 k - 3 scrolls of enchant armour {!r}
 p - 5 scrolls of teleportation {!r}
 r - 2 scrolls of fear {!r}
 x - 3 scrolls of amnesia {!r}
 F - a scroll of fog {!r}
 G - a scroll of summoning {!r}
Potions
 t - a potion of heal wounds {!q}
 v - 2 potions of curing {!q}
 z - a potion of flight {!q}
 A - a potion of mutation {!q}
 C - a potion of magic {!q}
 M - a potion of might {!q}
Comestibles
 c - a royal jelly
 d - 6 bread rations
 m - 8 fruits
 n - 5 meat rations


   Skills:
 + Level 5.0 Fighting
 + Level 5.0(7.8) Short Blades
 + Level 5.0 Long Blades
 + Level 5.0 Axes
 + Level 5.0 Maces & Flails
 + Level 5.0 Polearms
 + Level 5.0 Staves
 + Level 5.0 Slings
 + Level 5.0 Bows
 + Level 5.0 Crossbows
 + Level 5.0 Throwing
 + Level 5.0 Armour
 + Level 6.8 Dodging
 + Level 6.5 Stealth
 + Level 5.0(6.8) Shields
 + Level 5.0 Unarmed Combat
 + Level 8.8 Spellcasting
 + Level 4.6(6.5) Conjurations
 + Level 4.1(5.8) Hexes
 + Level 4.1(5.8) Charms
 + Level 4.6(6.5) Summonings
 + Level 4.1(5.8) Necromancy
 + Level 4.6(6.5) Translocations
 + Level 4.1(5.8) Transmutations
 + Level 4.1(5.8) Fire Magic
 + Level 4.1(5.8) Ice Magic
 + Level 4.1(5.8) Air Magic
 + Level 4.1(5.8) Earth Magic
 + Level 4.1(5.8) Poison Magic
 + Level 5.4 Invocations
 + Level 5.0(6.8) Evocations


You had 12 spell levels left.
You knew the following spells:

 Your Spells              Type           Power        Failure   Level  Hunger
a - Magic Dart            Conj           ####         1%          1    None
b - Call Imp              Summ           ######..     1%          2    None
e - Confuse               Hex            ######..     4%          3    None
s - Conjure Flame         Conj/Fire      ######..     3%          3    None
v - Blink                 Tloc           N/A          1%          2    None
w - Mephitic Cloud        Conj/Pois/Air  ######..     4%          3    None


Dungeon Overview and Level Annotations

Branches:
Dungeon (8/15)             Temple (0/1) D:4
   Lair: D:8-11

Altars:
Ashenzari
Makhleb

Annotations:
D:8 Grum, Joseph


Innate Abilities, Weirdness & Mutations

Your experience applies equally to all skills.
You have very sharp teeth.
Your uncanny sense of smell can sniff out nearby items.
You possess an exceptional clarity of mind.
Your system is resistant to poisons. (rPois)
You occasionally shout uncontrollably at your foes.
Your muscles are strong. (Str +2)


Message History

Your Long Blades skill increases to level 5!
Your Axes skill increases to level 5!
Your Maces & Flails skill increases to level 5!
Your Polearms skill increases to level 5!
Your Staves skill increases to level 5!
Your Slings skill increases to level 5!
Your Bows skill increases to level 5!
Your Crossbows skill increases to level 5!
Your Throwing skill increases to level 5!
Your Armour skill increases to level 5!
Your base Shields skill increases to level 5!
Your Unarmed Combat skill increases to level 5!
Your base Evocations skill increases to level 5!
Unknown command.
Unknown command.
Unknown command.
Unknown command.
Unknown command.
Unknown command.
Unknown command.
Unknown command.
Unknown command.
Unknown command.
Unknown command.
Unknown command.
A two-headed ogre comes into view.
It is wielding a giant spiked club and a giant club.
A two-headed ogre is nearby!
A two-headed ogre is nearby!
Casting: Confuse
Confirm with . or Enter, or press ? or * to list all spells.
Aiming: Conjure Flame
Press: ? - help, Dir - move target cursor You feel a surge of power!
The fire ignites!
The two-headed ogre shouts in stereo!
An ogre comes into view. It is wielding a giant club.
You are feeling hungry.
Casting: Conjure Flame
Confirm with . or Enter, or press ? or * to list all spells.
Aiming: Conjure Flame
Press: ? - help, Dir - move target cursor, f - two-headed ogre
Aim: a two-headed ogre, wielding a giant spiked club and a giant club
Okay, then.
You eat one of the 2 royal jellies.
That royal jelly was delicious!
Casting: Conjure Flame
Confirm with . or Enter, or press ? or * to list all spells.
Aiming: Conjure Flame
Press: ? - help, Dir - move target cursor You feel a surge of power!
The fire ignites!
The two-headed ogre is engulfed in blazing flames.
You hit the two-headed ogre but do no damage.
The two-headed ogre is moderately wounded.
The two-headed ogre is engulfed in blazing flames.
The two-headed ogre hits you with a giant spiked club!!
The two-headed ogre hits you with a giant club!!
* * * LOW HITPOINT WARNING * * *
You barely miss the two-headed ogre.
The two-headed ogre is moderately wounded.
Casting: Conjure Flame
Confirm with . or Enter, or press ? or * to list all spells.
You feel a surge of power!
You blink.
You are engulfed in blazing flames.
You resist.
* * * LOW HITPOINT WARNING * * *
The ogre hits you with a giant club!!
You die...

# *## * ####.#
#.############ ** . ...
#.....<....... ,, , #...
,.###.###.####.##.*
#.##... ................,
, .......*
###....ยง.....## * ,
#.##.#, #.###O####.# * *
*
#.##.#,*.###.###@####.##
, #.....
...<....O.......,,
#.##.#.#.###..#........#
,
.................####...
#.(................ ,*.#
,* ........###...#.##...,
..(..... ........ ..... ,
..##.#@.###.$.#.#*,####**
* .....#,. #..,#.# ,


You could see a two-headed ogre and an ogre.

Vanquished Creatures
  Maurice (D:8)
  Prince Ribbit (D:7)
  2 hippogriffs (D:7)
  Sigmund (D:2)
  The ghost of Amnesiac the Magician, an amateur GnWz (Ossuary)
  Menkaure (D:6)
  3 orc warriors
  4 sky beasts
  A black bear (D:7)
  3 phantoms
  An ice beast (D:8)
  The ghost of mortelune the Digger, an amateur DDEE (D:4)
  3 ogres
  A wolf (D:7)
  An elf zombie (Ossuary)
  A wyvern zombie (D:7)
  A gnoll sergeant (D:6)
  2 vampire bats (D:6)
  A crimson imp (D:7)
  2 human zombies (Ossuary)
  2 centaur zombies
  3 hounds
  3 orc priests (D:6)
  Crazy Yiuf (D:2)
  A bullfrog skeleton (D:5)
  An iguana (D:4)
  7 orc wizards
  A worker ant (D:4)
  2 big kobold zombies (Ossuary)
  3 mummies
  A worker ant zombie (D:5)
  7 gnolls
  8 adders
  A shadow imp (D:7)
  An adder zombie (Ossuary)
  A worm (D:3)
  5 leopard geckos
  28 orcs
  15 bats
  5 giant cockroaches
  8 goblins
  9 hobgoblins
  11 jackals
  8 kobolds
  5 quokkas
  A ball python skeleton (D:4)
  3 frilled lizards
  8 hobgoblin zombies (Ossuary)
  2 jackal zombies (Ossuary)
  8 kobold zombies (Ossuary)
  2 leopard gecko skeletons
  9 orc zombies (Ossuary)
  2 quokka skeletons
  10 rats
  A rat zombie (Ossuary)
215 creatures vanquished.

Vanquished Creatures (collateral kills)
  An adder (D:3)
  A jackal (D:4)
  2 hobgoblin zombies (Ossuary)
4 creatures vanquished.

Vanquished Creatures (others)
  An orc (D:4)
1 creature vanquished.

Grand Total: 220 creatures vanquished

Notes
Turn   | Place    | Note
-------+----------+-------------------------------------------
     0 | D:1      | Amnesiac the Gnoll Wizard began the quest for the Orb.
     0 | D:1      | Reached XP level 1. HP: 13/13 MP: 8/8
    54 | D:2      | Noticed Sigmund
    97 | D:1      | Reached XP level 2. HP: 18/19 MP: 7/10
   104 | D:1      | Learned a level 2 spell: Blink
   107 | D:1      | Learned a level 2 spell: Call Imp
   110 | D:1      | Learned a level 2 spell: Slow
   489 | D:3      | Found a burning altar of Makhleb.
   539 | D:3      | Reached XP level 3. HP: 25/25 MP: 11/11
   612 | D:3      | Learned a level 3 spell: Mephitic Cloud
   621 | D:3      | Reached skill level 1 in Invocations
   836 | D:4      | Reached skill level 1 in Fighting
   836 | D:4      | Reached skill level 1 in Short Blades
   836 | D:4      | Reached skill level 1 in Long Blades
   836 | D:4      | Reached skill level 1 in Axes
   836 | D:4      | Reached skill level 1 in Maces & Flails
   836 | D:4      | Reached skill level 1 in Polearms
   836 | D:4      | Reached skill level 1 in Staves
   836 | D:4      | Reached skill level 1 in Slings
   836 | D:4      | Reached skill level 1 in Bows
   836 | D:4      | Reached skill level 1 in Crossbows
   836 | D:4      | Reached skill level 1 in Throwing
   836 | D:4      | Reached skill level 1 in Armour
   836 | D:4      | Reached skill level 1 in Shields
   836 | D:4      | Reached skill level 1 in Unarmed Combat
   836 | D:4      | Reached skill level 1 in Evocations
   894 | D:4      | Found a shattered altar of Ashenzari.
   900 | D:4      | Became a worshipper of Ashenzari the Shackled
   969 | D:2      | Reached XP level 4. HP: 18/32 MP: 7/13
   978 | D:2      | Learned a level 3 spell: Conjure Flame
  1635 | D:2      | Found a runed door.
  1639 | D:2      | Noticed Crazy Yiuf
  1651 | D:2      | Killed Crazy Yiuf
  1651 | D:2      | Reached skill level 1 in Hexes
  1651 | D:2      | Reached skill level 1 in Charms
  1651 | D:2      | Reached skill level 1 in Necromancy
  1651 | D:2      | Reached skill level 1 in Transmutations
  1651 | D:2      | Reached skill level 1 in Fire Magic
  1651 | D:2      | Reached skill level 1 in Ice Magic
  1651 | D:2      | Reached skill level 1 in Air Magic
  1651 | D:2      | Reached skill level 1 in Earth Magic
  1651 | D:2      | Reached skill level 1 in Poison Magic
  2135 | D:2      | Killed Sigmund
  2135 | D:2      | Reached XP level 5. HP: 21/38 MP: 9/14
  2135 | D:2      | Reached XP level 6. HP: 24/44 MP: 10/16
  2777 | D:4      | Noticed mortelune's ghost (amateur DDEE)
  3060 | D:4      | Killed mortelune's ghost
  3060 | D:4      | Reached skill level 5 in Dodging
  3122 | D:4      | Reached * piety under Ashenzari
  3528 | D:4      | Found a staircase to the Ecumenical Temple.
  3603 | D:5      | Entered Level 5 of the Dungeon
  3795 | D:5      | Reached XP level 7. HP: 47/50 MP: 11/18
  3911 | D:5      | Gained mutation: You have a pair of small horns on your head. [mutagenic meat]
  3912 | D:5      | Gained mutation: You have sharp toenails. [mutagenic meat]
  3913 | D:5      | Lost mutation: You have sharp toenails. [mutagenic meat]
  3914 | D:5      | Gained mutation: You are dopey. (Int -2) [mutagenic meat]
  4273 | D:5      | Reached skill level 5 in Stealth
  4455 | D:6      | Reached XP level 8. HP: 41/57 MP: 9/19
  4721 | D:6      | Found a sand-covered staircase.
  4721 | D:6      | Noticed Menkaure
  4723 | D:6      | Killed Menkaure
  4726 | D:6      | Reached skill level 8 in Spellcasting
  4729 | Ossuary  | Entered an ossuary
  4782 | Ossuary  | Noticed Amnesiac's ghost (amateur GnWz)
  4887 | Ossuary  | Lost mutation: You have a pair of small horns on your head. [potion of mutation]
  4887 | Ossuary  | Lost mutation: You are dopey. (Int -2) [potion of mutation]
  4887 | Ossuary  | Gained mutation: You occasionally shout uncontrollably at your foes. [potion of mutation]
  4887 | Ossuary  | Gained mutation: Your muscles are strong. (Str +2) [potion of mutation]
  4887 | Ossuary  | Gained mutation: You possess an exceptional clarity of mind. [potion of mutation]
  4887 | Ossuary  | Gained mutation: Your system is resistant to poisons. (rPois) [potion of mutation]
  4894 | Ossuary  | Killed Amnesiac's ghost
  5240 | Ossuary  | Reached XP level 9. HP: 58/65 MP: 21/21
  5931 | D:6      | Found the +4 Vampire's Tooth {vamp}
  5999 | D:6      | Reached ** piety under Ashenzari
  6997 | D:7      | Identified the cursed +3 dagger of Tenacity {pierce, rPois Str+8}
  7119 | D:7      | Noticed Prince Ribbit
  7141 | D:7      | Killed Prince Ribbit
  7237 | D:7      | Learned a level 3 spell: Confuse
  7468 | D:7      | Reached skill level 5 in Invocations
  8254 | D:8      | Noticed Joseph
  8263 | D:8      | Reached XP level 10. HP: 72/73 MP: 22/22
  8264 | D:8      | Noticed Maurice
  8283 | D:8      | Killed Maurice
  8470 | D:7      | Identified 2 scrolls of acquirement {!r}
  8487 | D:7      | Identified the cursed ring "Mexuvo" {rF+ rC++ Dex-3} (You acquired it on level 7 of the Dungeon)
  8498 | D:8      | Noticed Grum
  8613 | D:8      | Reached *** piety under Ashenzari
  8664 | D:8      | Reached skill level 5 in Fighting
  8664 | D:8      | Reached skill level 5 in Short Blades
  8664 | D:8      | Reached skill level 5 in Long Blades
  8664 | D:8      | Reached skill level 5 in Axes
  8664 | D:8      | Reached skill level 5 in Maces & Flails
  8664 | D:8      | Reached skill level 5 in Polearms
  8664 | D:8      | Reached skill level 5 in Staves
  8664 | D:8      | Reached skill level 5 in Slings
  8664 | D:8      | Reached skill level 5 in Bows
  8664 | D:8      | Reached skill level 5 in Crossbows
  8664 | D:8      | Reached skill level 5 in Throwing
  8664 | D:8      | Reached skill level 5 in Armour
  8664 | D:8      | Reached skill level 5 in Shields
  8664 | D:8      | Reached skill level 5 in Unarmed Combat
  8664 | D:8      | Reached skill level 5 in Evocations
  8668 | D:8      | Noticed a two-headed ogre
  8686 | D:8      | Demolished by an ogre

Vault maps used:
D:1:      mrwooster_arrival_statue
D:2:      first_bread, uniq_sigmund, uniq_crazy_yiuf_cottage
D:3:      lemuel_crystal_altar, minivault_24, st_stairs_9
D:4:      temple_hall, evilmike_ruin_ashenzari
D:6:      gup_ossuary_entry_pyramid, minmay_guarded_unrand_vampires_tooth,
          uniq_menkaure
D:7:      black_bear_nest_1, uniq_prince_ribbit1
D:8:      grunt_livestock, uniq_joseph, uniq_grum, uniq_maurice
Ossuary:  ossuary_tomb_1

Skill      XL: |  1  2  3  4  5  6  7  8  9 10 |
---------------+-------------------------------+-----
Conjurations   | 2 3 4 |  4.6
Summonings     | 2 3 4 |  4.6
Translocations | 2 3 4 |  4.6
Invocations    | 1 2 3 4 5 |  5.4
Fighting       | 1 2 3 4 5 |  5.0
Short Blades   | 1 2 3 4 5 |  5.0
Long Blades    | 1 2 3 4 5 |  5.0
Axes           | 1 2 3 4 5 |  5.0
Maces & Flails | 1 2 3 4 5 |  5.0
Polearms       | 1 2 3 4 5 |  5.0
Staves         | 1 2 3 4 5 |  5.0
Slings         | 1 2 3 4 5 |  5.0
Bows           | 1 2 3 4 5 |  5.0
Crossbows      | 1 2 3 4 5 |  5.0
Throwing       | 1 2 3 4 5 |  5.0
Armour         | 1 2 3 4 5 |  5.0
Shields        | 1 2 3 4 5 |  5.0
Unarmed Combat | 1 2 3 4 5 |  5.0
Evocations     | 1 2 3 4 5 |  5.0
Hexes          | 1 2 3 4 |  4.1
Charms         | 1 2 3 4 |  4.1
Necromancy     | 1 2 3 4 |  4.1
Transmutations | 1 2 3 4 |  4.1
Fire Magic     | 1 2 3 4 |  4.1
Ice Magic      | 1 2 3 4 |  4.1
Air Magic      | 1 2 3 4 |  4.1
Earth Magic    | 1 2 3 4 |  4.1
Poison Magic   | 1 2 3 4 |  4.1
Dodging        | 5 6 |  6.8
Stealth        | 5 6 |  6.5
Spellcasting   | 8 |  8.8

Action                   |  1- 3 |  4- 6 |  7- 9 | 10-12 || total
-------------------------+-------+-------+-------+-------++-------
Melee: Dagger            |    39 |    72 |   329 |    60 ||   500
       Unarmed           |     1 |       |       |       ||     1
       Bite              |     1 |     5 |    38 |     7 ||    51
       Headbutt          |       |       |    34 |       ||    34
 Cast: Magic Dart        |    53 |    70 |    31 |       ||   154
       Mephitic Cloud    |     1 |     3 |    16 |     2 ||    22
       Call Imp          |     1 |     4 |     5 |       ||    10
       Conjure Flame     |       |     2 |    11 |     2 ||    15
       Blink             |       |       |     2 |     1 ||     3
       Confuse           |       |       |     2 |     6 ||     8
       Slow              |       |       |       |     1 ||     1
Invok: Curse Item        |       |     3 |     1 |       ||     4
  Use: Potion            |       |     2 |     3 |     1 ||     6
       Scroll            |       |       |     3 |    13 ||    16
 Stab: Sleeping          |     4 |     6 |    13 |       ||    23
       Confused          |     2 |     1 |    14 |     2 ||    19
       Distracted        |       |     1 |     2 |       ||     3
  Eat: Chunk             |       |     9 |    11 |     2 ||    22
       Royal jelly       |       |       |     3 |     1 ||     4
Armor: Robe              |     5 |     8 |    42 |     4 ||    59
Dodge: Dodged            |    40 |    43 |   162 |    22 ||   267
Block: Buckler           |       |    15 |       |       ||    15
       Shield            |       |     9 |   136 |    21 ||   166
       Reflection        |       |       |     3 |     3 ||     6

Table legend:
 A = Spawn XP
 B = Non-spawn XP
 C = Spawn XP percentage of total XP
 D = Spawn monster count
 E = Non-spawn monster count
 F = Spawn count percentage of total count
 G = Total turns spent on level
                    A         B        C        D         E        F      G
               +---------+---------+-------+---------+---------+-------+---------
         Total |       0 |    5629 |   0.0 |       0 |     220 |   0.0 |  8686
               +---------+---------+-------+---------+---------+-------+---------
           D:1 |       0 |      30 |   0.0 |       0 |      20 |   0.0 |   892
           D:2 |       0 |     266 |   0.0 |       0 |      19 |   0.0 |   796
           D:3 |       0 |      63 |   0.0 |       0 |      25 |   0.0 |  1143
           D:4 |       0 |     224 |   0.0 |       0 |      18 |   0.0 |   798
           D:5 |       0 |     543 |   0.0 |       0 |      22 |   0.0 |   794
           D:6 |       0 |    1340 |   0.0 |       0 |      40 |   0.0 |  1959
           D:7 |       0 |    1903 |   0.0 |       0 |      31 |   0.0 |  1544
           D:8 |       0 |     764 |   0.0 |       0 |       5 |   0.0 |   145
       Ossuary |       0 |     496 |   0.0 |       0 |      40 |   0.0 |   615
               +---------+---------+-------+---------+---------+-------+---------
